 Dungeon Crawl Stone Soup version 0.27.1-33-g824d729ab1 (webtiles) character file.

Game seed: 7260168840459144430

91 Destapler the Cudgeller (level 4, -5/45 HPs)
             Began as a Troll Berserker on Dec 17, 2021.
             Was a Believer of Trog.
             Slain by Natasha (8 damage)
             ... on level 3 of the Dungeon.
             The game lasted 00:02:31 (1334 turns).

Destapler the Cudgeller (Troll Berserker)           Turns: 1334, Time: 00:02:33

Health: -5/45      AC:  4    Str: 26    XL:     4   Next: 33%
Magic:  3/3        EV: 10    Int:  3    God:    Trog [**....]
Gold:   76         SH:  0    Dex:  9    Spells: 3/3 levels left

rFire    . . .     SeeInvis .   a - +0 mace
rCold    . . .     Faith    .   (no shield)
rNeg     . . .     Spirit   .   b - +0 animal skin
rPois    .         Reflect  .   (helmet restricted)
rElec    .         Harm     .   (no cloak)
rCorr    .         Rampage  .   (gloves unavailable)
Will     .....                  (boots unavailable)
Stlth    +.........             (no amulet)
HPRegen  1.15/turn              (no ring)
MPRegen  0.08/turn              (no ring)

@: on berserk cooldown, slowed, very slow
A: large, unfitting armour, claws 3, regeneration 1, shaggy fur 1, tough skin 1
a: Renounce Religion, Berserk, Trog's Hand


You were on level 3 of the Dungeon.
You worshipped Trog.
Trog was pleased with you.
You visited 1 branch of the dungeon, and saw 3 of its levels.

You collected 76 gold pieces.

Inventory:

Hand Weapons
 a - a +0 mace (weapon)
Missiles
 e - 12 poisoned darts (quivered)
Armour
 b - a +0 animal skin (worn)
Potions
 c - a potion of flight {unknown}
 d - a potion of haste {unknown}
 f - a potion of mutation {unknown}
 g - a potion of might {unknown}


   Skills:
 + Level 3.1 Fighting
 + Level 3.5 Maces & Flails
 + Level 3.1 Dodging


You had 3 spell levels left.
You didn't know any spells.
Your spell library was empty.

Dungeon Overview and Level Annotations

Branches:
Dungeon (3/15)

Altars:

Annotations:
D:3 Natasha


Innate Abilities, Weirdness & Mutations

You are too large for most types of armour.
You have claws for hands.
Your natural rate of healing is unusually fast.
You are covered in fur. (AC +1)
You have tough skin. (AC +1)


Message History

The orc hits you with a +0 club.
* * * LOW HITPOINT WARNING * * *
You sock the orc wizard!
You kill the orc wizard!
Trog accepts your kill.
Trog appreciates your killing of a magic user.
The orc hits you with a +0 trident.
* * * LOW HITPOINT WARNING * * *
Natasha mumbles some strange words.
The orc hits you with a +0 club.
* * * LOW HITPOINT WARNING * * *
You have reached level 4!
You barely miss the orc. The orc barely misses you.
You hit the orc but do no damage.
Natasha casts a spell.
The orc barely misses you. The orc closely misses you.
You barely miss the orc. The orc hits you with a +0 club.
* * * LOW HITPOINT WARNING * * *
The orc hits you but does no damage.
You sock the orc!
You kill the orc!
Trog accepts your kill. The orc hits you with a +0 club.
* * * LOW HITPOINT WARNING * * *
You barely miss Natasha. Natasha claws you.
* * * LOW HITPOINT WARNING * * *
The orc hits you with a +0 club.
* * * LOW HITPOINT WARNING * * *
You hit Natasha.
Natasha is moderately wounded.
Natasha claws you but does no damage. The orc hits you with a +0 club.
* * * LOW HITPOINT WARNING * * *
You miss Natasha.
Natasha is moderately wounded.
You are no longer berserk.
You are exhausted.
You feel yourself slow down.
Natasha extends her claws.
Natasha claws you!
You die...

......######.##<
............##.
.......##..##. #..#
#........ #..#
####[.### #..######..#
######### #..........#
#.......###.##########
#.#####@)).....#
#ho##.##.# #o5##.# #
#...55...#
#..#..#.....
...o#..#..>#. .....
......... ..##.
####...## . . # ##


You could see Natasha, a white imp (summoned), 2 shadow imps and 2 orcs.

Vanquished Creatures
  An orc wizard (D:3)
  An adder (D:2)
  A worm (D:2)
  A dart slug (D:2)
  2 orcs (D:3)
  7 endoplasms
  A giant cockroach (D:1)
  3 hobgoblins
  2 jackals (D:1)
  5 kobolds
  2 quokkas (D:1)
  4 ball pythons
  3 bats
  2 frilled lizards (D:1)
  6 goblins
  10 rats
51 creatures vanquished.

Notes
Turn   | Place    | Note
-------+----------+-------------------------------------------
     0 | D:1      | Destapler the Troll Berserker began the quest for the Orb.
     0 | D:1      | Reached XP level 1. HP: 22/22 MP: 0/0
   124 | D:1      | Reached XP level 2. HP: 18/29 MP: 1/1
   556 | D:1      | Reached ** piety under Trog
   594 | D:1      | Reached XP level 3. HP: 36/36 MP: 2/2
   803 | D:2      | Found a faded altar of an unknown god.
  1311 | D:3      | Noticed Natasha
  1328 | D:3      | Reached XP level 4. HP: 14/45 MP: 3/3
  1333 | D:3      | HP: 3/67 [orc (2)]
  1334 | D:3      | Slain by Natasha

Illustrated notes

Levels and vault maps discovered:
D:1:      dpeg_arrival_ratfight, layout_loops_ring, minmay_crystal_room,
          minivault_23
D:2:      layout_basic, hellmonk_ecumenical_altar_pennies_from_heaven
D:3:      layout_loops_corners, kennysheep_flooded_box, uniq_natasha

Skill      XL: |  1  2  3 |
---------------+----------+-----
Maces & Flails | 3 |  3.5
Dodging        | 3 |  3.1
Fighting       | 3 |  3.1

Action                   |  1- 3 |  4- 6 || total
-------------------------+-------+-------++-------
Melee: Mace              |   159 |     7 ||   166
Invok: Berserk           |     1 |       ||     1
 Stab: Sleeping          |     1 |       ||     1
Armor: Animal skin       |    78 |     2 ||    80
Dodge: Dodged            |    98 |     3 ||   101
